 Dungeon Crawl Stone Soup version 0.14-a0-586-g2535b90 (webtiles) character file.

137 PolkaDot the Sneak (level 4, -2/28 HPs)
             Began as a Vampire Wizard on Nov 3, 2013.
             Killed from afar by a kobold (8 damage)
             ... with a wand of flame
             ... on Level 3 of the Dungeon.
             The game lasted 00:06:27 (2215 turns).

PolkaDot the Sneak (Vampire Wizard)                 Turns: 2215, Time: 00:06:27

HP  -2/28        AC  2     Str  6      XL: 4   Next:  6%
MP   7/12        EV 12     Int 21      God:
Gold 65          SH  0     Dex 12      Spells:  3 memorised,  2 levels left

Res.Fire  : . . .   See Invis. : +   j - +0 elf short sword
Res.Cold  : . . .   Warding    : .   a - +0 robe
Life Prot.: . . .   Conserve   : .   (no shield)
Res.Poison: .       Res.Corr.  : .   b - +0 wizard hat
Res.Elec. : .       Clarity    : +   (no cloak)
Sust.Abil.: . .     Spirit.Shd : .   (no gloves)
Res.Mut.  : .       Stasis     : .   (no boots)
Res.Rott. : .       Flight     : .   l - amulet of clarity
Saprovore : . . .                    (no ring)
                                     (no ring)

@: regenerating quickly, slightly resistant to hostile enchantments, stealthy
A: fangs 3, see invisible, unbreathing
a: no special abilities


You were on level 3 of the Dungeon.
You were full.

You visited 1 branch of the dungeon, and saw 3 of its levels.

You collected 65 gold pieces.

Inventory:

Hand weapons
 j - a +0,+0 elven short sword (weapon)
Armour
 a - a +0 robe (worn)
 b - a +0 wizard hat (worn)
Scrolls
 d - a scroll of fear {unknown}
 e - 3 scrolls of magic mapping {unknown}
 h - 2 scrolls of identify
 i - a scroll of enchant armour {unknown}
 k - a scroll of amnesia {unknown}
Jewellery
 l - an amulet of clarity (around neck)
Books
 c - a book of Minor Magic

   Spells                             Type                      Level
   *Magic Dart                        Conjuration                  1
   Blink                              Translocation                2
   Call Imp                           Summoning                    2
   Repel Missiles                     Charms/Air                   2
   Slow                               Hexes                        2
   *Conjure Flame                     Conjuration/Fire             3
   *Mephitic Cloud                    Conjuration/Poison/Air       3


   Skills:
 - Level 2.1 Dodging
 - Level 3.0 Stealth
 - Level 3.0 Spellcasting
 * Level 2.9 Conjurations
   Level 1.0 Summonings
   Level 0.7 Translocations


You had 2 spell levels left.
You knew the following spells:

 Your Spells              Type           Power        Failure   Level  Hunger
a - Magic Dart            Conj           ###.         4%          1    None
d - Mephitic Cloud        Conj/Pois/Air  #.......     30%         3    ###....
s - Conjure Flame         Conj/Fire      #.......     24%         3    ###....


Dungeon Overview and Level Annotations

Branches:
Dungeon (3/27)

Altars:
the Shining One


Innate Abilities, Weirdness & Mutations

Your natural rate of healing is unusually fast.
You have razor-sharp teeth.*
You have supernaturally acute eyesight.
You can survive without breathing.*


Message History

Okay, then.
Put on which piece of jewellery? (? for menu, Esc to quit)
l - an amulet of clarity (around neck) Read which item? (? for menu, Esc to quit)
As you read the scroll labeled CEOSIESIO, it crumbles to dust.
You feel strangely unstable.
It was a scroll of teleportation.
The orc wizard is engulfed in noxious fumes.
The orc wizard appears confused.
The orc wizard hits the gnoll with an orcish dagger.
The gnoll looks very confused.
The orc wizard is engulfed in noxious fumes.
The orc wizard appears confused.
The orc is engulfed in noxious fumes.
The orc appears confused.
You see here a scroll labeled HORITU NAOTIE.
d - a scroll labeled HORITU NAOTIE Your surroundings suddenly seem different.
Found a viscous cyan potion and a scroll of identify. 2 kobolds come into view.
The kobold zaps a wand.
The puff of flame hits you!
You die...

#......K..#
#.........#
#.........#
#.........#
#.........# #######
##......K..#
#.....##..........?#
#...o.##.#.........#
#.g...##.#######@###
#.K§g.##.# #.#
#...§o##.### #.#
#.....?.....$ #.#
##.#####o####.##.#
#.(.g.oKo...o....
#######g####.##.#
....<.....o§o.....
.......o<.##.##.#


You could see 2 kobolds.

Vanquished Creatures
  4 adders (D:2)
  An ooze (D:2)
  3 giant cockroaches (D:2)
  4 goblins
  5 hobgoblins
  2 ball pythons
  6 bats
  A giant gecko (D:1)
  3 giant newts
  2 kobolds
  3 rats
34 creatures vanquished.

Notes
Turn   | Place    | Note
--------------------------------------------------------------
     0 | D:1      | PolkaDot, the Vampire Wizard, began the quest for the Orb.
     0 | D:1      | Reached XP level 1. HP: 11/11 MP: 6/6
    82 | D:1      | Reached skill level 1 in Conjurations
   375 | D:1      | Reached XP level 2. HP: 13/17 MP: 1/8
  1081 | D:2      | Reached XP level 3. HP: 19/22 MP: 1/10
  1537 | D:2      | Found a glowing golden altar of the Shining One.
  1706 | D:2      | Learned a level 3 spell: Conjure Flame
  1710 | D:2      | Learned a level 3 spell: Mephitic Cloud
  1781 | D:2      | Reached XP level 4. HP: 28/28 MP: 0/12
  2193 | D:3      | HP: 1/28 [kobold/ dart (1)]
  2215 | D:3      | Killed from afar by a kobold

Action                   |  1- 3 |  4- 6 || total
-------------------------+-------+-------++-------
Melee: Short sword       |     1 |       ||     1
 Cast: Magic Dart        |    87 |     7 ||    94
       Mephitic Cloud    |       |     2 ||     2
  Use: Scroll            |       |     3 ||     3
       Potion            |       |     1 ||     1
